Map: Tropical Sacrifice

Players

Nathanias

  • Race: Terran Terran
  • Spawn Location: 1:00

MindGrapes - Winner!

  • Race: Zerg Zerg
  • League: Master
  • Spawn Location: 7:00

VOD

Have the link to the VOD?

Description

10 roach 3 ravager ling flood all in vs BC rush.

Time

  • Played on: Dec. 22, 2022, 6:09 p.m.
  • Length: 6:51
Show
View Real Time Build Order
Export as new Build Order

Nathanias Terran 

Build Orders:  

Get SALT Encoding   

  12  0:00  SCV  
  13  0:12  SCV  
  14  0:18  Supply Depot  
  14  0:24  SCV  
  15  0:40  SCV  
  15  0:41  Barracks  
  16  0:52  SCV  
  17  1:04  SCV  
  18  1:16  Command Center  
  18  1:20  SCV  
  19  1:33  Orbital Command  
  19  1:35  Marine  
  20  1:41  Bunker  
  20  1:48  Refinery  
  20  1:50  Refinery  
  20  1:54  Marine  
  20  1:58  SCV  
  22  2:07  Supply Depot  
  22  2:12  SCV  
  23  2:27  Marine  
  24  2:32  Factory  
  24  2:33  Orbital Command  
  24  2:38  SCV  
  25  2:45  Marine  
  25  2:50  SCV  
  27  3:00  SCV  
  27  3:02  Refinery, SCV  
  29  3:07  Marine  
  29  3:08  Refinery  
  29  3:12  SCV  
  31  3:14  SCV  
  31  3:16  Supply Depot  
  31  3:19  Factory Tech Lab  
  32  3:22  Starport  
  32  3:25  SCV  
  32  3:27  SCV  
  34  3:37  SCV  
  34  3:39  Barracks Reactor, SCV  
  34  3:40  Siege Tank  
  39  3:49  SCV  
  39  3:55  SCV  
  41  4:01  Supply Depot, SCV  
  42  4:07  SCV  
  42  4:08  Starport Tech Lab  
  42  4:09  Viking  
  45  4:12  Starport  
  45  4:13  SCV  
  45  4:15  Fusion Core  
  46  4:19  SCV  
  46  4:22  Supply Depot  
  47  4:25  SCV  
  47  4:31  SCV  
  49  4:37  SCV  
  50  4:43  SCV  
  51  4:47  Hellion x2  
  51  4:48  Starport Tech Lab  
  51  4:49  SCV  
  51  4:52  Supply Depot  
  56  4:58  Supply Depot  
  68  5:14  Battlecruiser x2  
  68  5:23  Supply Depot, SCV x2  
  70  5:35  SCV x2  
  70  5:40  Supply Depot  
  72  5:47  SCV  
  66  5:59  Widow Mine  
  66  6:00  SCV  
Show
View Real Time Build Order
Export as new Build Order

MindGrapes Zerg - Winner!

Build Orders: Hatch First 

Get SALT Encoding   

  12  0:00  Drone  
  13  0:15  Overlord  
  13  0:21  Drone  
  14  0:34  Drone x2  
  16  0:51  Hatchery  
  16  0:56  Drone  
  16  0:58  Drone  
  16  1:01  Drone  
  18  1:12  Extractor  
  18  1:18  Spawning Pool  
  16  1:21  Drone  
  16  1:24  Drone  
  18  1:31  Drone  
  19  1:41  Drone  
  20  1:53  Drone  
  21  2:04  Queen x2  
  21  2:05  Zergling x2  
  21  2:06  Zergling x2  
  27  2:21  Hatchery  
  26  2:26  Overlord  
  26  2:33  Drone x2  
  28  2:37  Metabolic Boost  
  28  2:44  Queen  
  28  2:50  Drone x2  
  32  2:55  Overlord  
  32  3:03  Drone x3  
  35  3:16  Drone  
  35  3:17  Drone x5  
  41  3:27  Overlord x2  
  41  3:35  Drone  
  42  3:42  Extractor  
  42  3:44  Roach Warren  
  42  3:46  Drone x5  
  45  3:49  Drone  
  46  3:56  Zergling x8  
  50  4:08  Drone x6  
  56  4:12  Overlord  
  56  4:19  Overlord x2  
  56  4:20  Overlord  
  56  4:30  Overlord x2  
  56  4:46  Roach x9  
  76  4:53  Roach x3  
  76  4:56  Extractor  
  76  4:58  Roach x2  
  83  5:03  Drone x3  
  83  5:04  Drone  
  87  5:10  Overlord x2  
  87  5:11  Ravager x2  
  89  5:18  Ravager  
  90  5:23  Drone x5  
  90  5:24  Drone x3  
  90  5:26  Overlord  
  98  5:33  Queen  
  98  5:34  Queen  
  102  5:38  Queen  
  102  5:42  Zergling x4  
  106  5:43  Zergling x2  
  104  5:56  Zergling x2  
  104  5:57  Zergling x18  
  112  6:09  Drone x2  
  112  6:12  Drone  
  112  6:18  Drone, Extractor  
  112  6:19  Drone x3  
  112  6:22  Hatchery, Extractor  
  112  6:23  Extractor  
  112  6:24  Drone x3  
  112  6:26  Drone x2  
Tags
 
League
Master
Matchup
TvZ
Player
nathanias
Spawn Locations
Cross Positions
Add a new tag
Caveats
  • Supply blocks, unpowered buildings, or Contaminate may cause inaccurate times.
  • Supply counts are checked every 10 seconds.